 Dungeon Crawl Stone Soup version 0.29.0-4-gdea44cf6ec (webtiles) character file.

Game seed: 13796525814412574427

126 qw the Chopper (level 5, -1/30 HPs)
             Began as a Tengu Warper on Aug 28, 2022.
             Succumbed to an orc wizard's poison
             ... on level 3 of the Dungeon.
             The game lasted 00:00:16 (2988 turns).

qw the Chopper (Tengu Warper)                       Turns: 2988, Time: 00:00:17

Health: -1/30      AC: 18    Str: 13    XL:     5   Next: 10%
Magic:  9/9        EV: 11    Int: 14    God:
Gold:   27         SH:  0    Dex: 17    Spells: 8/8 levels left

rFire   . . .      SeeInvis .   Y - +0 war axe
rCold   . . .      Faith    .   (no shield)
rNeg    . . .      Spirit   .   a - +11 scale mail of Qodat {Dex+4}
rPois   .          Reflect  .   m - +1 hat
rElec   .          Harm     .   (no cloak)
rCorr   .          Rampage  .   (no gloves)
Will    .....                   (boots unavailable)
Stlth   ..........              (no amulet)
HPRegen 0.10/turn               (no ring)
MPRegen 0.11/turn               (no ring)

@: lethally poisoned (-1 -> -24), flying quickly and evasively, quick
A: beak, talons 3, nimble flight
a: no special abilities


You were on level 3 of the Dungeon.
You visited 1 branch of the dungeon, and saw 3 of its levels.

You collected 85 gold pieces.
You spent 58 gold pieces at shops.


Innate Abilities, Weirdness & Mutations

You have a beak for a mouth.
You have claws for feet.
Your magical nature lets you fly swiftly and evasively.


   Skills:
 - Level 2.0 Fighting
 + Level 5.6 Axes
 - Level 1.0 Throwing
 - Level 1.1 Armour
 - Level 2.1 Dodging
 - Level 2.0 Spellcasting
 - Level 2.4 Translocations


You had 8 spell levels left.
You didn't know any spells.
Your spell library contained the following spells:

 Spells                   Type           Power      Damage    Failure   Level
 Blink                    Tloc           16%        N/A       54%         2
 Gell's Gravitas          Tloc           8%         N/A       78%         3
 Lesser Beckoning         Tloc           8%         N/A       78%         3
 Teleport Other           Tloc           8%         N/A       78%         3
 Manifold Assault         Tloc           8%         N/A       100%        5

Inventory:

Hand Weapons
 b - a +1 whip of holy wrath
 Y - a +0 war axe (weapon)
Missiles
 d - a javelin (quivered)
 f - 4 boomerangs
Armour
 a - the +11 scale mail of Qodat (worn) {Dex+4}
   (You found it on level 2 of the Dungeon)

   Dex:       It affects your dexterity (+4).
 m - a +1 hat (worn)
Scrolls
 c - a scroll of identify
Potions
 l - a potion of mutation

Dungeon Overview and Level Annotations

Branches:
Dungeon (3/15)

Altars:

Shops:
D:1 *   D:2 (?=(


Message History

The orc wizard barely misses you.
You hit the orc wizard but do no damage.
You claw the orc wizard. Your peck misses the orc wizard.
The orc wizard is moderately wounded.
The orc wizard hits you but does no damage.
You are poisoned.
You barely miss the orc wizard. Your kick misses the orc wizard.
The orc wizard is moderately wounded.
You feel very sick. The orc wizard casts a spell at you.
The magic dart hits you but does no damage.
You hit the orc wizard. Your kick misses the orc wizard.
The orc wizard is moderately wounded.
You feel sick.
The orc wizard casts a spell.
The orc wizard flickers and vanishes!
Deactivating autopickup; reactivate with Ctrl-A.
Something hits you but does no damage.
You are more poisoned.
You hit something but do no damage.
You feel very sick. Something hits you but does no damage.
You barely miss something. You claw something.
You feel sick. Something hits you but does no damage.
You are more poisoned.
You miss something. Your peck misses something.
You feel very sick. Something hits you but does no damage.
You are lethally poisoned!
You barely miss something.
You feel very sick. Something hits you but does no damage.
You are more poisoned.
Something hits you but does no damage.
You closely miss something. Your kick misses something.
You feel very sick. Something hits you but does no damage.
You are more poisoned.
You hit something. Your kick misses something.
You die...

##........#.
#...........
.###..........#
............##
#...........# .###
## #...........
....>#.###.%.....##
.....([)....<.....#
#....{@...(......#
...#..............#
#.##...........# #.
##..........# #
###.......##
#........#
##........
#......## .......#


There were no monsters in sight!

Vanquished Creatures
  Terence (D:2)
  3 adders (D:2)
  A worm (D:2)
  4 dart slugs (D:2)
  7 orcs
  An endoplasm (D:1)
  2 giant cockroaches
  3 goblins
  7 hobgoblins
  3 jackals (D:2)
  4 kobolds
  5 quokkas (D:1)
  3 ball pythons
  3 bats
  2 frilled lizards (D:2)
  2 rats (D:2)
51 creatures vanquished.

Vanquished Creatures (others)
  7 plants (D:2)
7 creatures vanquished.

Grand Total: 58 creatures vanquished

Notes
Turn   | Place    | Note
-------+----------+-------------------------------------------
     0 | D:1      | qw the Tengu Warper began the quest for the Orb.
     0 | D:1      | Reached XP level 1. HP: 12/12 MP: 4/4
     0 | D:1      | 0 ||| qw: Version: 0.1-a-89-g26bdef1
     0 | D:1      | 0 ||| qw: Game counter: 2564
     0 | D:1      | 0 ||| qw: Always use a shield: true
     0 | D:1      | 0 ||| qw: God list: Okawaru
     0 | D:1      | 0 ||| qw: Allow faded altars: false
     0 | D:1      | 0 ||| qw: Do Orc after D:15 true
     0 | D:1      | 0 ||| qw: Do second Lair branch before Depths: true
     0 | D:1      | 0 ||| qw: Lair rune preference: random
     0 | D:1      | 0 ||| qw: Plans: Normal
     0 | D:1      | 0 ||| PLANNING D:1-11
     7 | D:1      | Noticed a salamander
     7 | D:1      | Noticed a hound
     7 | D:1      | Noticed a komodo dragon
     8 | D:1      | Noticed a killer bee
     8 | D:1      | Noticed a rime drake
    45 | D:1      | Found Sanitofo's Assorted Antiques.
    53 | D:1      | 53 ||| BUYING murky inky potion (18 gold).
    53 | D:1      | Bought a murky inky potion for 18 gold pieces
    53 | D:1      | 53 ||| SHOPLISTING scroll labelled FODWUN RECH (21 gold,
                  | have 12).
    53 | D:1      | 53 ||| SHOPLISTING scroll labelled VASHUS YMOAWN (21 gold,
                  | have 12).
    53 | D:1      | 53 ||| SHOPLISTING scroll labelled XOEMUSSOGO (21 gold,
                  | have 12).
   347 | D:1      | 347 ||| DROPPING +0 club.
   375 | D:1      | Reached XP level 2. HP: 17/17 MP: 6/6
   415 | D:1      | Reached skill level 3 in Axes
   836 | D:1      | 836 ||| READING scroll labelled SEDONG ZIKLI.
   837 | D:1      | 837 ||| DROPPING scroll of blinking.
   896 | D:2      | Identified the +11 scale mail of Qodat {Dex+4}
   923 | D:2      | Found Moimpis's Jewellery Emporium.
   932 | D:2      | 932 ||| SHOPLISTING +4 ring of protection (432 gold, have
                  | 41).
   932 | D:2      | 932 ||| SHOPLISTING +6 ring of dexterity (432 gold, have
                  | 41).
   932 | D:2      | 932 ||| SHOPLISTING ring "Dewnytimni" {Fire rPois rN+} (484
                  | gold, have 41).
   932 | D:2      | 932 ||| SHOPLISTING ring of Guith {rCorr Str+4 Dex+4} (525
                  | gold, have 41).
   932 | D:2      | 932 ||| SHOPLISTING ring of Wabonil {*Slow Fly EV+4 Int+7
                  | Stlth+} (684 gold, have 41).
   932 | D:2      | 932 ||| SHOPLISTING ring of fire (300 gold, have 41).
   932 | D:2      | 932 ||| SHOPLISTING ring of protection from fire (300 gold,
                  | have 41).
   933 | D:2      | Found Uxahecli's Magic Scroll Emporium.
   938 | D:2      | 938 ||| BUYING scroll of identify (20 gold).
   938 | D:2      | Bought a scroll of identify for 20 gold pieces
   938 | D:2      | 938 ||| BUYING scroll of identify (20 gold).
   938 | D:2      | Bought a scroll of identify for 20 gold pieces
   938 | D:2      | 938 ||| SHOPLISTING scroll of teleportation (30 gold, have
                  | 1).
   970 | D:2      | Reached XP level 3. HP: 21/21 MP: 7/7
  1090 | D:2      | 1090 ||| SWAPPING to +0 war axe.
  1091 | D:2      | 1091 ||| DROPPING +0 hand axe.
  1125 | D:2      | Reached skill level 4 in Axes
  1207 | D:2      | Noticed Terence
  1208 | D:2      | 1208 ||| Stepping ~*~*~tactically~*~*~ (stealth).
  1213 | D:2      | 1213 ||| Stepping ~*~*~tactically~*~*~ (hiding).
  1220 | D:2      | Killed Terence
  1221 | D:2      | Reached XP level 4. HP: 10/26 MP: 8/8
  1753 | D:2      | Found Wosmeeha's Weapon Shoppe.
  1783 | D:2      | 1783 ||| Stepping ~*~*~tactically~*~*~ (hiding).
  1885 | D:2      | 1885 ||| Stepping ~*~*~tactically~*~*~ (hiding).
  1987 | D:2      | 1987 ||| Stepping ~*~*~tactically~*~*~ (hiding).
  1993 | D:2      | Reached skill level 5 in Axes
  2155 | D:2      | 2155 ||| Stepping ~*~*~tactically~*~*~ (stealth).
  2157 | D:2      | 2157 ||| Stepping ~*~*~tactically~*~*~ (stealth).
  2179 | D:2      | 2179 ||| Stepping ~*~*~tactically~*~*~ (stealth).
  2181 | D:2      | 2181 ||| Stepping ~*~*~tactically~*~*~ (stealth).
  2186 | D:2      | 2186 ||| FLEEEEING.
  2196 | D:2      | 2196 ||| STAIRDANCE
  2239 | D:1      | 2239 ||| UPGRADING to +11 scale mail of Qodat {Dex+4}.
  2249 | D:1      | 2249 ||| DROPPING +0 leather armour.
  2250 | D:1      | 2250 ||| UPGRADING to +1 hat.
  2255 | D:1      | 2255 ||| DROPPING ring of flight.
  2256 | D:1      | 2256 ||| READING scroll labelled NYEPIWODDI.
  2257 | D:1      | 2257 ||| READING scroll labelled PENWUD KUGIZ.
  2358 | D:1      | 2358 ||| DRINKING 2 black potions.
  2359 | D:1      | 2359 ||| READING 6 scrolls of identify.
  2359 | D:1      | 2359 ||| IDENTIFYING murky inky potion
  2360 | D:1      | 2360 ||| READING 5 scrolls of identify.
  2360 | D:1      | 2360 ||| IDENTIFYING orange potion
  2361 | D:1      | 2361 ||| READING 4 scrolls of identify.
  2361 | D:1      | 2361 ||| IDENTIFYING golden potion
  2362 | D:1      | 2362 ||| READING 3 scrolls of identify.
  2362 | D:1      | 2362 ||| IDENTIFYING emerald potion
  2363 | D:1      | 2363 ||| READING 2 scrolls of identify.
  2363 | D:1      | 2363 ||| IDENTIFYING bubbling green potion
  2364 | D:1      | 2364 ||| DROPPING potion of degeneration.
  2365 | D:1      | 2365 ||| DROPPING potion of attraction.
  2366 | D:1      | 2366 ||| DROPPING potion of brilliance.
  2367 | D:1      | 2367 ||| DROPPING potion of invisibility.
  2368 | D:1      | 2368 ||| DROPPING potion of flight.
  2467 | D:2      | 2467 ||| DROPPING +0 mace.
  2538 | D:2      | 2538 ||| Stepping ~*~*~tactically~*~*~ (stealth).
  2539 | D:2      | 2539 ||| Stepping ~*~*~tactically~*~*~ (stealth).
  2607 | D:2      | Found a faded altar of an unknown god.
  2657 | D:2      | Found Oqoled's Weapon Shop.
  2860 | D:3      | 2860 ||| STAIRDANCE
  2866 | D:2      | Gained mutation: Your magical nature lets you fly swiftly
                  | and evasively. [Tengu growth]
  2866 | D:2      | Reached XP level 5. HP: 30/30 MP: 9/9
  2940 | D:3      | 2940 ||| STAIRDANCE
  2949 | D:3      | 2949 ||| STAIRDANCE
  2987 | D:3      | HP: 4/30 [poisoned by an orc wizard]
  2988 | D:3      | Succumbed to an orc wizard's poison

Levels and vault maps discovered:
D:1:      onia_arrival_zoo_common, layout_basic, serial_shops, shop
D:2:      layout_loops_corners, dilly_ecumenical_altar_fadedgnrine,
          serial_shops, nicolae_shop_behind_doors, shop, shop, shop,
          serial_rivers, chequers_serial_rivers_room_b,
          chequers_serial_rivers_large_a, chequers_serial_rivers_micro_b,
          chequers_serial_rivers_marsh, chequers_serial_rivers_micro_a,
          chequers_serial_rivers_micro_a, uniq_terence
D:3:      layout_rooms, nemelex_diamond_rough_becter, amcnicky_altar_gilded,
          chequers_arboretum

Skill      XL: |  1  2  3  4 |
---------------+-------------+-----
Axes           | 3 4 5 |  5.6
Fighting       | |  2.0
Throwing       | |  1.0
Armour         | |  1.1
Dodging        | |  2.1
Spellcasting   | |  2.0
Translocations | |  2.4

Action                   |  1- 3 |  4- 6 || total
-------------------------+-------+-------++-------
Melee: Hand axe          |    45 |       ||    45
       Kick              |     8 |    10 ||    18
       Peck              |     5 |     4 ||     9
       War axe           |    13 |    51 ||    64
       Punch             |     1 |       ||     1
Throw: Boomerang         |    30 |    10 ||    40
       Javelin           |       |     6 ||     6
  Use: Scroll            |     1 |     7 ||     8
       Potion            |       |     1 ||     1
Armor: Leather armour    |    13 |     1 ||    14
       Scale mail        |       |    25 ||    25
Dodge: Dodged            |    41 |    20 ||    61

Table legend:
 A = Non-vault XP
 B = Vault XP
 C = Vault XP percentage of total XP
 D = Non-vault monster count
 E = Vault monster count
 F = Vault count percentage of total count
                 A         B        C        D         E       F
            +---------+---------+-------+---------+---------+-------
      Total |     143 |      38 |  21.0 |      50 |       1 |   2.0
            +---------+---------+-------+---------+---------+-------
        D:1 |      28 |       0 |   0.0 |      16 |       0 |   0.0
        D:2 |     105 |      38 |  26.6 |      30 |       1 |   3.2
        D:3 |      10 |       0 |   0.0 |       4 |       0 |   0.0
            +---------+---------+-------+---------+---------+-------
